 Dungeon Crawl Stone Soup version 0.15.0-12-gccce430 (webtiles) character file.

83066 Johnny the Thaumaturge (level 14, -11/157 HPs)
             Began as a Demigod Conjurer on Aug 31, 2014.
             Mangled by a bone dragon (16 damage)
             ... on Level 1 of the Abyss on Sept 1, 2014.
             The game lasted 04:33:04 (44883 turns).

Johnny the Thaumaturge (Demigod Conjurer)          Turns: 44883, Time: 04:33:04

HP -11/157       AC 23     Str 17      XL: 14   Next: 91%
MP  26/36        EV 26     Int 26      God:
Gold 722         SH  0     Dex 27      Spells: 10 memorised,  3 levels left

rFire  + + .     SeeInvis +     X - +3 long sword (protect)
rCold  + + .     Clarity  .     k - +3 ring mail of Narog {rF+ rC+ Slay+5}
rNeg   . . .     rCorr    .     (no shield)
rPois  .         rRot     .     P - +2 helmet {SInv}
rElec  .         Spirit   .     L - +2 cloak
SustAb .         Warding  .     g - +0 pair of gloves
rMut   .         Stasis   .     O - +0 pair of boots
Gourm  .                        (no amulet)
MR     +....                    p - ring "Weaxtour" {rF+ rC+}
                                d - +3 ring of dexterity

@: mighty, agile, berserking (expiring), very slightly contaminated, invisible,
very quick, somewhat resistant to hostile enchantments, extremely unstealthy
A: no striking features
a: no special abilities


You were on level 1 of the Abyss.
You were not hungry.

You visited 3 branches of the dungeon, and saw 22 of its levels.
You visited the Abyss 1 time.
You also visited: Ossuary and Ice Cave.

You collected 2472 gold pieces.
You spent 1750 gold pieces at shops.

Inventory:

Hand weapons
 h - the -1 scimitar "Katou" {pain, +Fly rElec}
   (You found it in an ice cave)

   In the hands of one skilled in necromantic magic, it inflicts extra damage on
   living creatures.
   It insulates you from electricity.
   It lets you fly.
 W - a +1 shortbow of velocity
 X - a +3 long sword of protection (weapon)
Missiles
 n - 15 arrows of dispersal
 w - 25 arrows of frost
 y - 84 arrows
 A - 8 javelins (quivered)
Armour
 g - a +0 pair of gloves (worn)
 k - the +3 ring mail of Narog (worn) {rF+ rC+ Slay+5}
   (You bought it in a shop on level 4 of the Orcish Mines)

   It affects your accuracy and damage with ranged weapons and melee attacks
   (+5).
   It protects you from fire.
   It protects you from cold.
 L - a +2 cloak (worn)
 O - a +0 pair of boots (worn)
 P - a +2 helmet of see invisible (worn)
Magical devices
 f - a wand of lightning (3)
 v - a wand of paralysis (0)
 z - a wand of disintegration (0)
 E - a wand of slowing (8)
 G - a wand of cold (0)
 J - a wand of disintegration (9)
 K - a wand of cold (0)
 R - a wand of teleportation (2)
Comestibles
 o - 7 meat rations
 M - a bread ration
Scrolls
 l - 4 scrolls of remove curse
 m - 3 scrolls of fear
 x - 2 scrolls of amnesia
 H - a scroll of identify
Jewellery
 d - a +3 ring of dexterity (left hand)
 p - the ring "Weaxtour" (right hand) {rF+ rC+}
   (You found it in an ice cave)

   [ring of protection from cold]

   It protects you from fire.
   It protects you from cold.
Potions
 b - a potion of resistance {unknown}
 i - a potion of curing
 q - a potion of confusion
 r - 4 potions of restore abilities
 s - a potion of beneficial mutation {unknown}
 t - 2 potions of magic {unknown}
 u - 4 potions of brilliance
 B - a potion of flight {unknown}
 C - 2 potions of berserk rage
 F - a potion of might
Books
 a - a book of the Earth

   Spells                             Type                      Level
   Leda's Liquefaction                Hexes/Earth                  4
   *Bolt of Magma                     Conjuration/Fire/Earth       5
   Statue Form                        Transmutation/Earth          6
   Iron Shot                          Conjuration/Earth            6
   Shatter                            Earth                        9
 c - a book of Conjurations

   Spells                             Type                      Level
   *Magic Dart                        Conjuration                  1
   *Searing Ray                       Conjuration                  2
   *Dazzling Spray                    Conjuration/Hexes            3
   Fulminant Prism                    Conjuration/Hexes            4
   *Iskenderun's Mystic Blast         Conjuration                  4
   *Iskenderun's Battlesphere         Conjuration/Charms           5
 j - a book of Enchantments

   Spells                             Type                      Level
   *Tukima's Dance                    Hexes                        3
   *Cause Fear                        Hexes                        4
   Silence                            Hexes/Air                    5
   Deflect Missiles                   Charms/Air                   6
   Haste                              Charms                       6
   Discord                            Hexes                        8
 I - a Necronomicon {highlevel, unknown}

   This book is beyond your current level of understanding.

   Spells                             Type                      Level
   Haunt                              Necromancy/Summoning         7
   Borgnjor's Revivification          Necromancy                   8
   Death's Door                       Charms/Necromancy            8
   Necromutation                      Transmutation/Necromancy     8
 N - a book of the Warp

   Spells                             Type                      Level
   Control Teleport                   Charms/Translocation         4
   Phase Shift                        Translocation                5
   Warp Weapon                        Charms/Translocation         5
   Dispersal                          Translocation                6
   Controlled Blink                   Translocation                7
   Disjunction                        Translocation                8
 S - a book of Callings

   Spells                             Type                      Level
   Summon Small Mammal                Summoning                    1
   Call Imp                           Summoning                    2
   Call Canine Familiar               Summoning                    3
   Summon Guardian Golem              Hexes/Summoning              4
   *Summon Lightning Spire            Summoning/Air                4
   Summon Ice Beast                   Ice/Summoning                4
 U - a book of Clouds

   Spells                             Type                      Level
   *Mephitic Cloud                    Conjuration/Poison/Air       3
   Conjure Flame                      Conjuration/Fire             3
   Poisonous Cloud                    Conjuration/Poison/Air       6
   Freezing Cloud                     Conjuration/Ice/Air          6
   Ring of Flames                     Charms/Fire                  7
 Y - a book of Flames

   Spells                             Type                      Level
   Flame Tongue                       Conjuration/Fire             1
   Throw Flame                        Conjuration/Fire             2
   Conjure Flame                      Conjuration/Fire             3
   Inner Flame                        Hexes/Fire                   3
   Sticky Flame                       Conjuration/Fire             4
   Fireball                           Conjuration/Fire             5
Miscellaneous
 e - a sack of spiders {used: 1}


   Skills:
 + Level 4.5 Fighting
   Level 1.5(2.1) Short Blades
 + Level 2.1(2.4) Long Blades
 + Level 7.8 Bows
 + Level 0.6 Throwing
 + Level 7.2 Armour
 + Level 10.0 Dodging
 + Level 4.6 Stealth
 + Level 12.4 Spellcasting
 + Level 12.0 Conjurations
 + Level 5.1 Hexes
 + Level 3.7 Charms
 + Level 1.2 Summonings
 + Level 2.5 Fire Magic
 + Level 2.9 Air Magic
 + Level 2.5 Earth Magic
 + Level 0.1 Poison Magic
 + Level 3.8 Evocations


You had 3 spell levels left.
You knew the following spells:

 Your Spells              Type           Power        Failure   Level  Hunger
a - Magic Dart            Conj           ####         1%          1    None
b - Searing Ray           Conj           ######       1%          2    None
c - Dazzling Spray        Conj/Hex       ######..     1%          3    None
d - Iskenderun's Mystic   Conj           ######..     1%          4    None
e - Iskenderun's Battles  Conj/Chrm      ######..     4%          5    ##.....
f - Mephitic Cloud        Conj/Pois/Air  #####...     1%          3    None
g - Cause Fear            Hex            #####.....   6%          4    None
h - Tukima's Dance        Hex            #####...     1%          3    None
i - Summon Lightning Spi  Summ/Air       ####....     17%         4    None
j - Bolt of Magma         Conj/Fire/Erth #####.....   12%         5    ##.....


Dungeon Overview and Level Annotations

Branches:
Dungeon (15/15)            Temple (0/1) D:6             Orc (4/4) D:12
    Elf (3/3) Orc:4        Vaults (0/5) D:14         Depths (0/5) D:15
   Lair: D:8-11

Shops:
D:8 =   D:10 [   Orc:2 =   Orc:4 *[=(   Elf:1 :

Annotations:
D:4 HungrySpirit's ghost, average MiFi
D:8 Erolcha
Elf:2 Kashira's ghost, mighty NaEn


Message History

The worldbinder completely misses you.
The worldbinder hits you but does no damage.
The bone dragon bites you!!
* * * LOW HITPOINT WARNING * * *
The bone dragon claws you!
* * * LOW HITPOINT WARNING * * *
The bone dragon completely misses you.
You slash the bone dragon!
The bone dragon is severely damaged.
The worldbinder calls forth creatures from the Orcish Mines!
The bone dragon bites you but does no damage.
The bone dragon claws you.
* * * LOW HITPOINT WARNING * * *
The bone dragon misses you. The worldbinder misses you.
The worldbinder barely misses you.
You hit the bone dragon but do no damage.
The bone dragon is severely damaged.
The orc priest shouts!
The bone dragon bites you!
You die...

#### .
##ho ##
.# #oo#.
.# #Dx##.
#@###.###
###.. .#
##. x#.#
. #. .
### $ ..
#.# #
#### ## #
.#.# #.
.D# # .
## ## .#
.... #...
. #..#..


You could see a bone dragon, a worldbinder, a warg, 2 orc warriors and an orc
priest (wandering).

Vanquished Creatures
  Agnes (Elf:3)
  A frost giant (IceCv)
  An orc warlord (Orc:4)
  Gastronok (D:9)
  A deep elf demonologist (Elf:2)
  An ettin (D:15)
  A deep elf death mage (Elf:2)
  Josephine (Orc:2)
  Erica (D:12)
  3 tengu warriors
  5 centaur warriors
  A death yak (IceCv)
  5 orc high priests
  4 skeletal warriors
  A fire crab (shapeshifter) (D:15)
  6 deep elf knights
  6 deep elf summoners
  A giant orange brain (shapeshifter) (Elf:1)
  4 orc knights
  5 hill giants
  An unseen horror (D:11)
  5 ugly things
  An oklob plant (D:5)
  2 manticores
  7 deep elf conjurers
  2 griffons
  8 orc sorcerers
  3 cyclopes
  2 gargoyles
  The ghost of RobertPalmer the Summoner, an experienced OpSu of Ashenzari (D:8)
  A salamander (shapeshifter) (Elf:1)
  An item mimic (D:12)
  7 deep elf priests
  2 komodo dragons (D:13)
  A hydra zombie (D:14)
  8 trolls
  2 two-headed ogres
  A catoblepas zombie (D:13)
  3 jumping spiders
  A raven (D:14)
  18 polar bears (IceCv)
  5 slime creatures
  2 shadows (D:15)
  18 deep elf magi
  A wraith (D:14)
  2 tarantellas
  A redback (Elf:1)
  2 basilisks
  14 yaks (IceCv)
  4 hungry ghosts
  9 wargs
  11 wolves (IceCv)
  3 wyverns
  7 hippogriffs
  3 vampires
  15 deep elf fighters
  A soldier ant (D:13)
  A mottled dragon (D:15)
  5 vampire mosquitoes (D:14)
  Edmund (D:5)
  Menkaure (D:6)
  A deep troll zombie (D:15)
  2 water moccasins
  12 ice beasts
  2 porcupines (D:8)
  4 sky beasts
  A human skeleton (D:13)
  27 orc warriors
  An ogre skeleton (D:15)
  A small abomination (Abyss:1)
  A necrophage (D:5)
  A phantom (D:3)
  5 boggarts (D:14)
  7 ogres
  10 centaurs
  2 yellow wasps
  A crocodile (D:12)
  Sigmund (D:7)
  Duvessa (D:4)
  A brain worm (D:15)
  A yaktaur skeleton (D:15)
  An eye of draining (D:14)
  A cyclops skeleton (D:13)
  11 giant frogs
  A hippogriff zombie (D:13)
  A yak zombie (D:10)
  A scorpion (D:6)
  A yak skeleton (D:9)
  A troll skeleton (D:7)
  13 killer bees
  Dowan (D:4)
  9 crimson imps
  A goliath beetle (D:9)
  13 wights
  7 hounds
  2 quasits
  7 jellies
  41 orc wizards
  5 elf zombies
  Crazy Yiuf (D:7)
  9 iguanas
  A basilisk zombie (D:15)
  41 orc priests
  2 human zombies
  An iron imp (IceCv)
  10 worker ants
  2 elf skeletons (D:9)
  4 orange rats (Elf:1)
  4 sheep
  2 big kobold zombies
  A sky beast zombie (D:5)
  A crocodile skeleton (D:10)
  A hound zombie (Ossuary)
  4 mummies
  3 worker ant zombies
  4 gnolls
  7 adders
  3 shadow imps
  A white imp (IceCv)
  4 green rats
  An inept feature mimic (D:7)
  An inept item mimic (Orc:2)
  5 worms
  13 orc zombies
  2 adder zombies
  An iguana zombie (D:9)
  2 adder skeletons (D:6)
  5 giant geckos
  246 orcs
  2 gnoll zombies (Ossuary)
  19 hobgoblins
  5 jackals
  11 kobolds
  5 quokkas
  20 bats
  8 giant cockroaches
  5 giant newts
  A giant newt skeleton (D:5)
  2 giant spores
  24 goblins
  A goblin skeleton (D:4)
  5 goblin zombies
  A hobgoblin skeleton (D:7)
  3 hobgoblin zombies
  2 jackal zombies (Ossuary)
  5 kobold zombies
  An orc simulacrum (Orc:2)
  7 orc skeletons
  4 quokka zombies (Ossuary)
  18 rats
  3 rat zombies (Ossuary)
  39 ballistomycetes
  2 crawling corpses (Elf:2)
  4 fungi
  4 plants (D:5)
1015 creatures vanquished.

Vanquished Creatures (collateral kills)
  2 hydras
  Urug (D:13)
  A skeletal warrior (D:14)
  A mottled dragon (D:14)
  An orc warrior (Orc:1)
  A centaur (D:14)
  An orc priest (D:12)
  An orc wizard (D:13)
  3 orcs
12 creatures vanquished.

Vanquished Creatures (others)
  A deep elf knight (Elf:2)
  A deep elf mage (Elf:1)
  A wolf (IceCv)
  7 dancing weapons
  A warg (Orc:2)
  2 spiders (Elf:2)
  A lost soul (Elf:2)
  A killer bee (D:7)
  A worker ant (D:7)
  A gnoll (D:8)
  10 lightning spires
  3 orcs
  2 bats (D:7)
  A giant newt (D:7)
  9 giant spores
  6 ballistomycetes
  A fungus (D:8)
  3 plants (D:8)
52 creatures vanquished.

Grand Total: 1079 creatures vanquished

Notes
Turn   | Place    | Note
--------------------------------------------------------------
     0 | D:1      | Johnny, the Demigod Conjurer, began the quest for the Orb.
     0 | D:1      | Reached XP level 1. HP: 14/14 MP: 3/3
   463 | D:1      | Reached skill level 4 in Conjurations
   463 | D:1      | Reached XP level 2. HP: 20/20 MP: 1/4
  1776 | D:2      | Reached XP level 3. HP: 26/26 MP: 1/7
  1840 | D:2      | Learned a level 2 spell: Searing Ray
  1907 | D:2      | Found a basalt altar of Yredelemnul.
  2698 | D:3      | Found a shadowy altar of Dithmenos.
  2983 | D:3      | Reached XP level 4. HP: 16/33 MP: 2/10
  3248 | D:3      | Noticed a phantom
  3277 | D:3      | Killed a phantom
  3277 | D:3      | Reached skill level 1 in Armour
  3277 | D:3      | Reached XP level 5. HP: 10/38 MP: 0/12
  3900 | D:3      | Found a snail-covered altar of Cheibriados.
  3900 | D:3      | Found a sparkling altar of Nemelex Xobeh.
  4001 | D:4      | Noticed Duvessa
  4002 | D:4      | Noticed Dowan
  4212 | D:4      | Learned a level 3 spell: Dazzling Spray
  4795 | D:4      | Killed Duvessa
  4795 | D:4      | Reached XP level 6. HP: 20/46 MP: 6/17
  4798 | D:4      | Killed Dowan
  4798 | D:4      | Reached skill level 1 in Fighting
  4798 | D:4      | Reached skill level 1 in Short Blades
  4994 | D:4      | Noticed HungrySpirit's ghost (average MiFi)
  5107 | D:4      | Learned a level 4 spell: Iskenderun's Mystic Blast
  5533 | D:4      | Reached skill level 5 in Conjurations
  6016 | D:5      | Entered Level 5 of the Dungeon
  6029 | D:5      | Reached XP level 7. HP: 40/52 MP: 5/19
  6550 | D:5      | Found a sand-covered staircase.
  6558 | D:5      | Found a shattered altar of Ashenzari.
  6568 | Ossuary  | Entered an ossuary
  7503 | D:5      | Reached XP level 8. HP: 59/59 MP: 9/21
  7587 | D:5      | Reached skill level 6 in Conjurations
  7878 | D:5      | Noticed Edmund
  7896 | D:5      | Killed Edmund
  8043 | D:5      | Found a blossoming altar of Fedhas.
  8059 | D:5      | Noticed an oklob plant
  8169 | D:5      | Killed an oklob plant
  8169 | D:5      | Reached skill level 5 in Spellcasting
  8703 | D:6      | Found a staircase to the Ecumenical Temple.
  8802 | D:6      | Noticed Menkaure
  8808 | D:6      | Killed Menkaure
  9106 | D:6      | Found a stormy altar of Qazlal.
  9160 | D:6      | Reached skill level 1 in Evocations
  9318 | D:6      | Reached XP level 9. HP: 41/67 MP: 16/25
  9630 | D:7      | Reached skill level 5 in Dodging
  9630 | D:7      | Reached skill level 7 in Conjurations
 10026 | D:7      | Found a staircase to the Ecumenical Temple.
 10034 | D:7      | the staircase to the Ecumenical Temple was a mimic.
 10132 | D:7      | Found a white marble altar of Elyvilon.
 10174 | D:7      | Learned a level 5 spell: Iskenderun's Battlesphere
 10247 | D:7      | Noticed Sigmund
 10259 | D:7      | Killed Sigmund
 10616 | D:7      | Reached skill level 1 in Bows
 10672 | D:7      | Found a shimmering altar of Xom.
 10736 | D:7      | Noticed Crazy Yiuf
 10737 | D:7      | Killed Crazy Yiuf
 10859 | D:8      | Found Arizas' Jewellery Emporium.
 10975 | D:8      | Noticed Erolcha
 11640 | D:8      | Noticed RobertPalmer's ghost (experienced OpSu)
 11646 | D:8      | Killed RobertPalmer's ghost
 11646 | D:8      | Reached XP level 10. HP: 68/75 MP: 5/28
 12238 | D:9      | Noticed Gastronok
 12279 | D:9      | Found a white marble altar of Elyvilon.
 12650 | D:9      | Killed Gastronok
 12650 | D:9      | Reached skill level 1 in Charms
 12659 | D:9      | Noticed a manticore
 12818 | D:9      | Reached skill level 5 in Bows
 12839 | D:9      | Killed a manticore
 12839 | D:9      | Reached skill level 8 in Conjurations
 13422 | D:9      | Found a deep blue altar of Sif Muna.
 13765 | D:9      | Upgraded the game from 0.15.0-11-g6f4f891 to 0.15.0-12-gccce430
 14573 | D:10     | Entered Level 10 of the Dungeon
 14579 | D:10     | Found Visaek's Armour Shoppe.
 14584 | D:10     | Bought a +0 pair of boots for 54 gold pieces
 14584 | D:10     | Bought a +1 helmet of see invisible for 198 gold pieces
 15594 | D:10     | Reached XP level 11. HP: 82/82 MP: 19/29
 16037 | D:11     | Learned a level 3 spell: Mephitic Cloud
 16042 | D:11     | Learned a level 4 spell: Cause Fear
 16046 | D:11     | Learned a level 3 spell: Tukima's Dance
 16415 | D:11     | Reached skill level 1 in Hexes
 17499 | D:11     | Noticed an unseen horror
 17507 | D:11     | Killed an unseen horror
 17898 | D:12     | Noticed Erica
 17905 | D:12     | Paralysed by Erica for 6 turns
 17915 | D:12     | Killed Erica
 18222 | D:12     | Found a staircase to the Orcish Mines.
 18247 | D:12     | Noticed a seven-headed hydra
 18501 | D:12     | Reached skill level 5 in Armour
 19137 | D:12     | Killed a seven-headed hydra
 19366 | D:12     | Found a stormy altar of Qazlal.
 20272 | Orc:1    | Entered Level 1 of the Orcish Mines
 20922 | Orc:1    | Noticed an ice devil
 21043 | Orc:2    | Found Fiposorr's Jewellery Emporium.
 21290 | Orc:2    | Noticed Josephine
 21421 | Orc:2    | Reached skill level 9 in Spellcasting
 22270 | Orc:2    | Killed Josephine
 22882 | Orc:3    | Noticed an orc high priest
 23289 | Orc:3    | Reached XP level 12. HP: 89/89 MP: 20/31
 23969 | Orc:3    | Killed an orc high priest
 24403 | Orc:4    | Entered Level 4 of the Orcish Mines
 24559 | Orc:4    | Found a staircase to the Elven Halls.
 24592 | Orc:4    | Found a roughly hewn altar of Beogh.
 24715 | Orc:4    | Found a frozen archway.
 24894 | IceCv    | Entered an ice cave
 25197 | IceCv    | Got a pitted scimitar
 25416 | IceCv    | Identified the cursed -1 scimitar "Katou" {pain, +Fly rElec} (You found it in an ice cave)
 25578 | IceCv    | Reached skill level 1 in Long Blades
 25630 | IceCv    | Reached skill level 10 in Spellcasting
 25819 | IceCv    | Learned a level 4 spell: Summon Lightning Spire
 25920 | IceCv    | Reached skill level 10 in Conjurations
 26415 | IceCv    | Noticed a frost giant
 26438 | IceCv    | Killed a frost giant
 26705 | IceCv    | Got a fine plate armour
 26707 | IceCv    | Got a warped lead ring
 27868 | Orc:3    | Reached XP level 13. HP: 89/96 MP: 22/33
 28334 | Orc:4    | Noticed an orc warlord
 29209 | Orc:4    | Killed an orc warlord
 29629 | Orc:4    | Reached skill level 1 in Air Magic
 29663 | Orc:4    | Found Moqiyti's Antique Armour Emporium.
 29792 | Orc:4    | Found Stoycros' Antique Weapon Shoppe.
 29794 | Orc:4    | Found Cuarun's General Store.
 29794 | Orc:4    | Found Braroteo's Jewellery Emporium.
 29811 | Orc:4    | Identified the ring "Weaxtour" {rF+ rC+} (You found it in an ice cave)
 29823 | Orc:4    | Identified the +1 plate armour of Articulation {Str+4} (You found it in an ice cave)
 29849 | Orc:4    | Bought a book of the Earth for 975 gold pieces
 29859 | Orc:4    | Bought a slimy ring mail for 351 gold pieces
 29870 | Orc:4    | Identified the +3 ring mail of Narog {rF+ rC+ Slay+5} (You bought it in a shop on level 4 of the Orcish Mines)
 29883 | Orc:4    | Bought a potion of agility for 37 gold pieces
 29883 | Orc:4    | Bought a scroll of remove curse for 45 gold pieces
 29883 | Orc:4    | Bought a scroll of remove curse for 45 gold pieces
 29883 | Orc:4    | Bought a potion of restore abilities for 45 gold pieces
 30347 | Elf:1    | Entered Level 1 of the Elven Halls
 30663 | Elf:1    | Reached skill level 11 in Spellcasting
 30747 | Elf:1    | Found Fryuv's Book Boutique.
 31231 | Elf:1    | Found a deep blue altar of Sif Muna.
 32419 | Elf:2    | Noticed a deep elf demonologist
 32434 | Elf:2    | Killed a deep elf demonologist
 33485 | Elf:2    | Noticed Kashira's ghost (mighty NaEn)
 33788 | Orc:3    | Learned a level 5 spell: Bolt of Magma
 34014 | D:13     | Noticed Urug
 34025 | D:13     | Paralysed by Urug for 6 turns
 34273 | D:13     | Killed Urug
 34273 | D:13     | Reached XP level 14. HP: 96/105 MP: 28/35
 35156 | D:13     | Reached skill level 1 in Earth Magic
 36146 | D:14     | Found a gate to the Vaults.
 37861 | D:15     | Entered Level 15 of the Dungeon
 38020 | D:15     | Reached skill level 1 in Fire Magic
 38713 | D:15     | Reached skill level 12 in Spellcasting
 41293 | D:14     | Reached skill level 10 in Dodging
 41950 | D:15     | Reached skill level 5 in Hexes
 42417 | D:15     | Reached skill level 1 in Summonings
 42549 | D:15     | Found a staircase to the Depths.
 44080 | Elf:3    | Entered Level 3 of the Elven Halls
 44254 | Elf:3    | Noticed Agnes
 44500 | Elf:3    | Killed Agnes
 44721 | Elf:3    | Noticed a deep elf sorcerer
 44730 | Elf:3    | Cast into the Abyss (deep elf sorcerer)
 44830 | Abyss:1  | Noticed a bone dragon
 44881 | Abyss:1  | HP: 7/157 [bone dragon (13)]
 44883 | Abyss:1  | Mangled by a bone dragon

Action                   |  1- 3 |  4- 6 |  7- 9 | 10-12 | 13-15 || total
-------------------------+-------+-------+-------+-------+-------++-------
Melee: Unarmed           |    40 |       |       |       |       ||    40
       Short sword       |    10 |    52 |   137 |    17 |       ||   216
       Long sword        |       |       |       |    68 |   185 ||   253
 Fire: Shortbow          |       |       |    94 |   435 |       ||   529
       Longbow           |       |       |       |     8 |       ||     8
Throw: Javelin           |       |       |       |     2 |     3 ||     5
 Cast: Magic Dart        |   111 |   103 |   187 |   588 |   357 ||  1346
       Searing Ray       |     2 |    15 |    54 |   147 |   134 ||   352
       Iskenderun's Myst |       |       |    34 |    46 |    71 ||   151
       Dazzling Spray    |       |       |     6 |    35 |    40 ||    81
       Iskenderun's Batt |       |       |       |    64 |    58 ||   122
       Tukima's Dance    |       |       |       |    32 |    48 ||    80
       Mephitic Cloud    |       |       |       |     3 |       ||     3
       Summon Lightning  |       |       |       |       |    22 ||    22
       Cause Fear        |       |       |       |       |    13 ||    13
       Bolt of Magma     |       |       |       |       |   117 ||   117
 Abil: Evoke Flight      |       |       |       |     1 |       ||     1
Evoke: Wand              |       |       |     6 |    48 |    33 ||    87
       Sack of spiders   |       |       |       |       |     2 ||     2
  Use: Scroll            |     2 |     2 |     4 |    18 |    17 ||    43
       Potion            |     2 |       |       |     6 |    15 ||    23
 Stab: Sleeping          |       |     1 |       |       |       ||     1
       Distracted        |       |       |       |       |     1 ||     1
  Eat: Beef jerky        |     1 |       |     1 |     4 |     1 ||     7
       Meat ration       |     1 |       |       |       |       ||     1
       Chunk             |     1 |     3 |    10 |    45 |    18 ||    77
       Bread ration      |       |     1 |     1 |       |    11 ||    13
       Pizza             |       |     1 |       |       |       ||     1
       Fruit             |       |       |     6 |     8 |     1 ||    15
       Royal jelly       |       |       |       |     3 |       ||     3
